 Dungeon Crawl Stone Soup version 0.16.0-8-gd9ae3a8 (webtiles) character file.

133 HungoverVic the Magician (level 4, -2/30 HPs)
             Began as a Mummy Wizard on Mar 16, 2015.
             Killed from afar by eeldvark's ghost (8 damage)
             ... with a magic dart
             ... on level 4 of the Dungeon.
             The game lasted 00:37:24 (5486 turns).

HungoverVic the Magician (Mummy Wizard)             Turns: 5486, Time: 00:37:24

Health: -2/30      AC:  2    Str: 10    XL:     4   Next: 94%
Magic:  2/9        EV: 12    Int: 18    God:
Gold:   187        SH:  0    Dex: 10    Spells: 4 memorised, 0 levels left

rFire  x . .     SeeInvis .     r - +2 spear (freeze)
rCold  + . .     Clarity  .     a - +0 robe
rNeg   + + +     SustAb   .     (no shield)
rPois  ∞         Gourm    .     b - +0 hat
rElec  .         Spirit   .     (no cloak)
rCorr  .         Warding  .     (no gloves)
rMut   .         Stasis   .     (no boots)
MR     .....                    (no amulet)
Stlth  ++........               (no ring)
                                (no ring)

@: very slightly contaminated, not resistant to hostile enchantments, unstealthy
A: no food or potions, fire vulnerability, restore body, cold resistance 1,
negative energy resistance 3, poison resistance, torment resistance, unbreathing
a: no special abilities


You were on level 4 of the Dungeon.
You were not hungry.

You visited 1 branch of the dungeon, and saw 4 of its levels.

You collected 187 gold pieces.

Inventory:

Hand weapons
 l - a cursed -3 hand axe
 m - a cursed -1 short sword
 r - a +2 spear of freezing (weapon)
Missiles
 h - 2 javelins of penetration (quivered)
 n - 2 stones
 t - 2 javelins
Armour
 a - a +0 robe (worn)
 b - a +0 hat (worn)
 f - a +2 pair of gloves
Magical devices
 q - a wand of slowing (25)
Scrolls
 d - 2 scrolls of teleportation {unknown}
 e - 2 scrolls of immolation {unknown}
 g - 2 scrolls of remove curse {unknown}
 i - 6 scrolls of identify {unknown}
 j - a scroll of recharging {unknown}
 k - 2 scrolls of magic mapping {unknown}
 o - a scroll of amnesia {unknown}
 p - a scroll of enchant armour {unknown}
Books
 c - a book of Minor Magic

   Spells                             Type                      Level
   a - Magic Dart                     Conjuration                  1
   b - Blink                          Translocation                2
   c - Call Imp                       Summoning                    2
   d - Repel Missiles                 Charms/Air                   2
   e - Slow                           Hexes                        2
   f - Conjure Flame                  Conjuration/Fire             3
   g - Mephitic Cloud                 Conjuration/Poison/Air       3
 s - a book of the Earth

   Spells                             Type                      Level
   a - Leda's Liquefaction            Hexes/Earth                  4
   b - Bolt of Magma                  Conjuration/Fire/Earth       5
   c - Statue Form                    Transmutation/Earth          6
   d - Iron Shot                      Conjuration/Earth            6
   e - Shatter                        Earth                        9


   Skills:
 - Level 2.0 Dodging
 - Level 1.5 Stealth
 - Level 3.0 Spellcasting
 - Level 3.0 Conjurations
   Level 0.7 Summonings
   Level 0.7 Translocations
 + Level 1.2 Air Magic
 + Level 1.1 Poison Magic


You couldn't memorise any spells.
You knew the following spells:

 Your Spells              Type           Power        Failure   Level  Hunger
a - Magic Dart            Conj           ##..         6%          1    N/A
b - Conjure Flame         Conj/Fire      #.......     30%         3    N/A
c - Mephitic Cloud        Conj/Pois/Air  #.......     24%         3    N/A
d - Repel Missiles        Chrm/Air       #.....       21%         2    N/A

Dungeon Overview and Level Annotations

Branches:
Dungeon (4/15)
 Temple: D:4-7

Altars:
Cheibriados
Dithmenos
Okawaru
Trog
The Shining One

Annotations:
D:2 Terence
D:4 eeldvark's ghost, average DrWn


Innate Abilities, Weirdness & Mutations

You do not eat or drink.
Your flesh is vulnerable to fire.
Your flesh is cold resistant.
You are immune to negative energy.
Your system is resistant to poisons.
You are immune to unholy pain and torment.
You can survive without breathing.


Message History

Press: ? - help, Dir - move target cursor The fire roars!
Casting: Conjure Flame
Confirm with . or Enter, or press ? or * to list all spells.
Aiming: Conjure Flame
Press: ? - help, Dir - move target cursor The fire roars!
Eeldvark's ghost casts a spell at you. The magic dart hits you!
Eeldvark's ghost casts a spell at you. The magic dart hits you!
Eeldvark's ghost points at you and mumbles some strange words.
The magic dart hits you!
* * * LOW HITPOINT WARNING * * *
There is a stone staircase leading down here.
There is a stone staircase leading down here.
Eeldvark's ghost says, "I practised a lot since I died."
Eeldvark's ghost gestures at you while chanting.
The magic dart hits you!
You die...

.....# #.# #.......#
.....## #.# #.......##
.....W#####.###........#
....#...>.#.##........##
#..######.W...........#
#..#....###......######
####
####....##......>....##
#..#
#...........#####..####..##
#............@.......#....#
#.............######..<...#
#.............# ####..##
#.............# #..#
#####.........# ####
###########


You could see eeldvark's ghost.

Vanquished Creatures
  A gnoll (D:3)
  4 adders (D:2)
  A worm (D:4)
  9 orcs
  2 ball pythons
  9 goblins
  9 hobgoblins
  3 jackals (D:1)
  9 kobolds
  A quokka (D:2)
  10 bats
  5 giant geckos
  3 giant newts
  8 rats
74 creatures vanquished.

Notes
Turn   | Place    | Note
--------------------------------------------------------------
     0 | D:1      | HungoverVic, the Mummy Wizard, began the quest for the Orb.
     0 | D:1      | Reached XP level 1. HP: 13/13 MP: 4/4
    18 | D:1      | Reached skill level 1 in Conjurations
   496 | D:1      | Reached XP level 2. HP: 19/19 MP: 3/6
  1454 | D:1      | Reached XP level 3. HP: 24/24 MP: 3/7
  1459 | D:1      | Learned a level 3 spell: Conjure Flame
  1463 | D:1      | Learned a level 3 spell: Mephitic Cloud
  2060 | D:2      | Noticed Terence
  2644 | D:2      | Found a shadowy altar of Dithmenos.
  2644 | D:2      | Found a snail-covered altar of Cheibriados.
  2877 | D:2      | Found a glowing golden altar of the Shining One.
  3026 | D:2      | Reached XP level 4. HP: 30/30 MP: 7/9
  3393 | D:2      | Learned a level 2 spell: Repel Missiles
  3477 | D:3      | Found a snail-covered altar of Cheibriados.
  4845 | D:3      | Reached skill level 1 in Air Magic
  4845 | D:3      | Reached skill level 1 in Poison Magic
  5051 | D:3      | Found a bloodstained altar of Trog.
  5273 | D:4      | Found an iron altar of Okawaru.
  5315 | D:4      | Noticed eeldvark's ghost (average DrWn)
  5486 | D:4      | Killed from afar by eeldvark's ghost

Action                   |  1- 3 |  4- 6 || total
-------------------------+-------+-------++-------
Melee: Club              |     1 |       ||     1
       Dagger            |    10 |       ||    10
       Spear             |     1 |    36 ||    37
 Cast: Magic Dart        |    90 |    52 ||   142
       Mephitic Cloud    |     1 |     6 ||     7
       Conjure Flame     |       |     6 ||     6
       Repel Missiles    |       |     1 ||     1
 Stab: Sleeping          |     1 |       ||     1
